 Dungeon Crawl Stone Soup version 0.31-a0-232-gb1c03b2570 (webtiles) character file.

Game seed: 4521353317702521686

101 qw the Shooter (level 4, 0/26 HPs)
             Began as a Gargoyle Hexslinger on July 7, 2023.
             Constricted to death by Ijyb (4 damage)
             ... on level 3 of the Dungeon.
             The game lasted 00:00:41 (1772 turns).

qw the Shooter (Gargoyle Hexslinger)                Turns: 1772, Time: 00:00:42

Health: 0/26       AC:  6    Str: 12    XL:     4   Next: 75%
Magic:  5/5        EV:  8    Int: 13    God:
Gold:   50         SH:  0    Dex: 14    Spells: 4/5 levels left

rFire   . . .        Y - +1 sling
rCold   . . .        (no shield)
rNeg    + . .        l - +0 leather armour
rPois   inf          (no helmet)
rElec   +            (no cloak)
rCorr   .            (no gloves)
SInv    .            (no boots)
Will    .....        (no amulet)
Stlth   +            (no ring)
HPRegen 0.24/turn    (no ring)
MPRegen 0.09/turn

%: no passive effects
@: about to teleport, grasped by roots, constricted
A: sickness immunity, AC +3, negative energy resistance 1, electricity
resistance, torment resistance 1, petrification resistance
a: no special abilities


You were on level 3 of the Dungeon.
You visited 1 branch of the dungeon, and saw 3 of its levels.

You collected 74 gold pieces.
You spent 24 gold pieces at shops.


Innate Abilities, Weirdness & Mutations

You are immune to sickness and miasma.
Your stone body is resilient. (AC +3)
You are immune to poison.
You resist negative energy. (rN+)
You are resistant to electric shocks. (rElec)
You are resistant to unholy torment.
You are immune to petrification.


   Skills:
 - Level 2.1 Fighting
 + Level 4.4 Ranged Weapons
 - Level 1.5 Dodging
 - Level 1.0 Spellcasting
 - Level 2.6 Hexes


You had 4 spell levels left.
You knew the following spells:

 Your Spells              Type           Power      Damage    Failure   Level
a - Slow                  Hex            28%        N/A       12%         1

Your spell library contained the following spells:

 Spells                   Type           Power      Damage    Failure   Level
 Inner Flame              Hex/Fire       4%         N/A       52%         3
 Portal Projectile        Hex/Tloc       8%         N/A       52%         3
 Cause Fear               Hex            3%         N/A       75%         4

Inventory:

Hand Weapons
 Y - a +1 sling (weapon)
Armour
 l - a +0 leather armour (worn)
Jewellery
 b - a ring of wizardry
 j - a ring of fire
Scrolls
 f - a scroll of identify {unknown}
Potions
 a - a potion of heal wounds {unknown}
 d - a potion of cancellation
 e - a potion of might {unknown}
 g - a potion of mutation {unknown}
 h - a potion of curing
 i - a potion of enlightenment {unknown}
 k - a potion of resistance {unknown}
 m - a potion of degeneration {unknown}

Dungeon Overview and Level Annotations

Branches:
Dungeon (3/15)

Altars:

Shops:
D:1 *   D:2 !

Annotations:
D:3 Ijyb


Message History

Enter note: You shoot a sling bullet.
The sling bullet hits Ijyb.
Ijyb shouts!
Ijyb is lightly wounded.
You shoot a sling bullet.
The sling bullet hits Ijyb but does no damage.
Ijyb is lightly wounded.
You shoot a sling bullet. The sling bullet closely misses Ijyb.
You shoot a sling bullet.
The sling bullet hits Ijyb but does no damage.
Ijyb is lightly wounded.
You shoot a sling bullet.
The sling bullet hits Ijyb but does no damage.
Ijyb is lightly wounded.
Ijyb zaps a wand.
The roots erupt in riotous growth!
The grasping roots grab you! The grasping roots constrict you.
You shoot a sling bullet.
The sling bullet hits Ijyb but does no damage.
The grasping roots constrict you.
You shoot a sling bullet.
The sling bullet hits Ijyb but does no damage.
Ijyb hits you but does no damage. The grasping roots constrict you.
Ijyb closely misses you. The grasping roots constrict you.
You shoot a sling bullet. The sling bullet closely misses Ijyb.
Ijyb hits you with a +0 club. The grasping roots constrict you.
The grasping roots release their grip on you.
You shoot a sling bullet. The sling bullet hits Ijyb.
Ijyb is lightly wounded.
Ijyb zaps a wand.
The roots erupt in riotous growth!
The grasping roots grab you!
Ijyb is unaffected.
The grasping roots constrict you.
You shoot a sling bullet. The sling bullet hits Ijyb.
Ijyb is moderately wounded.
Ijyb barely misses you. The grasping roots constrict you.
1772 ||| READING scroll of teleportation.
As you read the scroll of teleportation, it crumbles to dust.
You feel strangely unstable. Ijyb barely misses you.
The grasping roots constrict you.
You die...

.......#.#.#.......#.#
#......#...#.......#.#
#......##..........#.#
#......###.#..###.##.#
#......# #...........#
######## ######....#.#
.........>..#
!.......###.#
......g@....#
.......###### .......
.####.# #. #. #


You could see Ijyb.

Vanquished Creatures
  An iguana (D:3)
  A sleepcap (D:3)
  3 worms (D:2)
  4 bats
  4 endoplasms
  2 giant cockroaches
  5 goblins
  2 hobgoblins
  2 jackals (D:3)
  4 quokkas
  4 ball pythons (D:2)
  4 kobolds
  4 rats
40 creatures vanquished.

Notes
Turn   | Place    | Note
-------+----------+-------------------------------------------
     0 | D:1      | qw the Gargoyle Hexslinger began the quest for the Orb.
     0 | D:1      | Reached XP level 1. HP: 12/12 MP: 2/2
     0 | D:1      | 0 ||| qw: Version: 0.3-a-46-gb1f654a
     0 | D:1      | 0 ||| qw: Game counter: 2956
     0 | D:1      | 0 ||| qw: Melee chars always use a shield: true
     0 | D:1      | 0 ||| qw: God list: Okawaru
     0 | D:1      | 0 ||| qw: Allow faded altars: false
     0 | D:1      | 0 ||| qw: Do Orc after clearing Dungeon:15 true
     0 | D:1      | 0 ||| qw: Do second Lair branch before Depths: true
     0 | D:1      | 0 ||| qw: Lair rune preference: random
     0 | D:1      | 0 ||| qw: Goals: Normal
     0 | D:1      | 0 ||| PLANNING D:1-11
   188 | D:1      | Found a faded altar of an unknown god.
   271 | D:1      | Reached XP level 2. HP: 16/16 MP: 3/3
   448 | D:1      | Found Zeenae Naot's Assorted Antiques.
   462 | D:1      | 462 ||| BUYING bubbling red potion (24 gold).
   462 | D:1      | Bought a bubbling red potion for 24 gold pieces
   462 | D:1      | 462 ||| SHOPLISTING dark potion (24 gold, have 2).
   462 | D:1      | 462 ||| SHOPLISTING glowing blue potion (24 gold, have 2).
   462 | D:1      | 462 ||| SHOPLISTING pair of boots (121 gold, have 2).
   462 | D:1      | 462 ||| SHOPLISTING thin bronze amulet (135 gold, have 2).
   472 | D:1      | Reached skill level 3 in Ranged Weapons
   772 | D:1      | 772 ||| READING scroll labelled JUFY HOORO.
   773 | D:1      | 773 ||| READING scroll labelled XUHAEMUKIKH.
   783 | D:1      | 783 ||| DRINKING 2 bubbling blue potions.
   784 | D:1      | 784 ||| DROPPING scroll of poison.
   855 | D:2      | Reached XP level 3. HP: 21/21 MP: 4/4
   900 | D:2      | Found Ozi Ilor's Distillery.
   911 | D:2      | 911 ||| SHOPLISTING potion of cancellation (80 gold, have
                  | 12).
   911 | D:2      | 911 ||| SHOPLISTING potion of haste (100 gold, have 12).
  1026 | D:2      | 1026 ||| Stepping ~*~*~tactically~*~*~ (outnumbered).
  1036 | D:2      | HP: 5/21 [kobold/+0 short sword (1)]
  1402 | D:2      | 1402 ||| UPGRADING to +0 leather armour.
  1412 | D:2      | 1412 ||| DROPPING +0 robe.
  1413 | D:2      | 1413 ||| READING scroll labelled KESOENARAFF.
  1414 | D:2      | 1414 ||| READING scroll labelled IPTUF VAIRGH.
  1418 | D:2      | 1418 ||| DRINKING 2 golden potions.
  1451 | D:3      | Reached XP level 4. HP: 26/26 MP: 5/5
  1455 | D:3      | Reached skill level 4 in Ranged Weapons
  1504 | D:3      | HP: 5/26 [sleepcap (5)]
  1761 | D:3      | Noticed Ijyb
  1771 | D:3      | HP: 4/26 [constriction (3)]
  1772 | D:3      | 1772 ||| READING scroll of teleportation.
  1772 | D:3      | Constricted to death by Ijyb

Levels and vault maps discovered:
D:1:      minmay_arrival_arboretum_small, layout_basic, serial_shops, shop,
          ebering_ecumenical_altar_mist
D:2:      layout_basic, serial_shops, shop
D:3:      cheibrodos_helix_gallery, layout_basic, okawaru_ov_weapons_minmay,
          nicolae_uskayaw_suspiria, fountainhead, uniq_crazy_yiuf_cottage,
          uniq_ijyb

Skill      XL: |  1  2  3  4 |
---------------+-------------+-----
Ranged Weapons | 3 4 |  4.4
Fighting       | 2 |  2.1
Dodging        | |  1.5
Spellcasting   | |  1.0
Hexes          | |  2.6

Action                     |  1- 3 |  4- 6 || total
---------------------------+-------+-------++-------
   Fire: Sling             |   132 |    43 ||   175
    Use: Scroll            |     4 |     1 ||     5
         Potion            |     2 |       ||     2
 Armour: Robe              |    26 |       ||    26
         Leather armour    |       |     3 ||     3
  Dodge: Dodged            |    36 |    10 ||    46

Table legend:
 A = Non-vault XP
 B = Vault XP
 C = Vault XP percentage of total XP
 D = Non-vault monster count
 E = Vault monster count
 F = Vault count percentage of total count
                 A         B        C        D         E       F
            +---------+---------+-------+---------+---------+-------
      Total |     144 |       1 |   0.7 |      39 |       1 |   2.5
            +---------+---------+-------+---------+---------+-------
        D:1 |      25 |       0 |   0.0 |      14 |       0 |   0.0
        D:2 |      32 |       0 |   0.0 |      16 |       0 |   0.0
        D:3 |      87 |       1 |   1.1 |       9 |       1 |  10.0
            +---------+---------+-------+---------+---------+-------
